 Dungeon Crawl Stone Soup version 0.22.1-1-ga44c0e5 (webtiles) character file.

15227 lysyklops the Fighter (level 11, -6/160 HPs)
             Began as a Minotaur Berserker on Oct 2, 2018.
             Was a High Priest of Trog.
             Mangled by an ice devil (20 damage)
             ... in an ice cave.
             The game lasted 00:27:10 (10807 turns).

lysyklops the Fighter (Minotaur Berserker)         Turns: 10807, Time: 00:27:10

Health: -6/160     AC: 19    Str: 29    XL:     11   Next: 99%
Magic:  3/3        EV: 12    Int:  4    God:    Trog [*****.]
Gold:   846        SH:  0    Dex: 11    Spells: 10/10 levels left

rFire    . . .     SeeInvis .   L - +5 broad axe (antimagic)
rCold    . . .     Gourm    .   (no shield)
rNeg     . . .     Faith    .   t - +2 chain mail {rPois}
rPois    +         Spirit   .   g - +2 hat
rElec    .         Reflect  .   (no cloak)
rCorr    .         Harm     .   F - +0 pair of gloves
MR       .....                  H - +0 pair of boots
Stlth    ..........             r - amulet of the acrobat
HPRegen  0.36/turn              p - ring of poison resistance
MPRegen  0.08/turn              (no ring)

@: berserking, very quick
A: retaliatory headbutt, horns 2
a: Berserk, Trog's Hand, Brothers in Arms, Renounce Religion


You were in an ice cave.
You worshipped Trog.
Trog was extremely pleased with you.
You were near starving.

You visited 2 branches of the dungeon, and saw 12 of its levels.
You also visited: Ice Cave.

You collected 846 gold pieces.

Inventory:

Hand Weapons
 J - a +4 battleaxe
 L - a +5 antimagic broad axe (weapon)
Armour
 g - a +2 hat (worn)
 t - a +2 chain mail of poison resistance (worn)
 F - a +0 pair of gloves (worn)
 H - a +0 pair of boots (worn)
Jewellery
 p - a ring of poison resistance (left hand)
 r - an amulet of the acrobat (around neck)
 I - a +3 ring of evasion {unknown}
 K - an uncursed ring of resist corrosion {unknown}
Wands
 b - a wand of digging (14)
 e - a wand of random effects (16)
 A - a wand of polymorph (6)
 G - a wand of flame (20)
Scrolls
 f - 12 scrolls of identify
 h - 2 scrolls of fear {unknown}
 i - 5 scrolls of remove curse
 l - 3 scrolls of enchant weapon {unknown}
 m - 6 scrolls of teleportation
 o - 3 scrolls of blinking {unknown}
 s - 3 scrolls of noise
 v - a scroll of fog {unknown}
 w - 2 scrolls of magic mapping {unknown}
 y - 4 scrolls of random uselessness {unknown}
 B - a scroll of enchant armour {unknown}
 C - 5 scrolls of amnesia {unknown}
 E - 2 scrolls of immolation {unknown}
Potions
 a - a potion of flight {unknown}
 d - 5 potions of agility
 j - 2 potions of lignification {unknown}
 k - 11 potions of curing {unknown}
 n - 6 potions of resistance {unknown}
 q - 2 potions of heal wounds {unknown}
 u - a potion of degeneration {unknown}
 x - 5 potions of ambrosia {unknown}
 z - a potion of invisibility {unknown}
 D - a potion of berserk rage {unknown}
Comestibles
 c - 23 rations


   Skills:
 + Level 13.1 Fighting
 + Level 13.0 Axes
 + Level 12.8 Armour
 - Level 6.5 Dodging


You had 10 spell levels left.
You didn't know any spells.
Your spell library was empty.

Dungeon Overview and Level Annotations

Branches:
Dungeon (10/15)            Temple (0/1) D:6            Lair (2/6) D:9
  Swamp: Lair:2-4    Shoals: Lair:2-4     Snake: Lair:2-4    Spider: Lair:2-4
    Orc: D:9-12

Altars:
Ashenzari
Dithmenos
Gozag
Makhleb
Qazlal
Trog
Vehumet
Yredelemnul
The Shining One

Shops:
D:4 :   D:9 [

Annotations:
D:3 2 transporters


Innate Abilities, Weirdness & Mutations

You reflexively headbutt those who attack you in melee.
You have a pair of horns on your head.


Message History

Your headbutt misses the ice devil. You slash the ice devil!
The ice devil hits you. The ice devil freezes you!!
* * * LOW HITPOINT WARNING * * *
The ice devil hits you.
* * * LOW HITPOINT WARNING * * *
The ice devil freezes you!
* * * LOW HITPOINT WARNING * * *
Unknown command.
Unknown command.
A red film seems to cover your vision as you go berserk!
You feel yourself moving faster!
You feel mighty!
You are near starving!
The ice devil hits you but does no damage.
The ice devil barely misses you.
You barely miss the ice devil.
Your chain mail prevents you from hitting the ice devil.
The ice devil hits you.
* * * LOW HITPOINT WARNING * * *
The ice devil freezes you!!
You die...

#### ##..##
##444.#
#§§#@.##
#§§§###.##
#§§####..#
#§§##).#..##
§.§##)§.##..#
.§§§
#..§≈#..##
#§§§#
#..§.##§§#
#§§§
##§...#..#
##.#.##.≈#


You could see 3 ice devils.

Vanquished Creatures
  Snorg (D:10)
  Fannar (D:10)
  A black mamba (Lair:2)
  Psyche (D:10)
  The ghost of ThyNameIsHubris the Slicer, a novice VSAs (D:6)
  2 spiny frogs
  2 ice statues (IceCv)
  A komodo dragon (D:9)
  3 ice devils
  Grinder (D:5)
  Prince Ribbit (D:9)
  2 hippogriffs
  3 yaks (Lair:1)
  A wyvern (Lair:1)
  Grum (D:10)
  2 hungry ghosts
  Edmund (D:6)
  6 water moccasins
  Duvessa (D:6)
  3 porcupines
  A sky beast (D:6)
  5 ice beasts
  3 orc warriors
  6 ogres
  3 wolves (D:10)
  9 centaurs
  5 phantoms
  4 crocodiles
  A big kobold (D:10)
  4 bullfrogs
  8 scorpions
  2 wyvern skeletons
  Dowan (D:6)
  7 killer bees
  A howler monkey (D:6)
  9 wights
  9 crimson imps
  A jelly (D:6)
  A quasit (D:10)
  2 bullfrog zombies
  A centaur zombie (D:9)
  8 orc priests
  A bullfrog skeleton (D:10)
  A gnoll shaman (D:6)
  7 hounds
  14 orc wizards
  2 centaur skeletons
  An iguana (D:8)
  11 worker ants
  A hound zombie (D:9)
  A worker ant zombie (D:7)
  A howler monkey skeleton (D:9)
  11 gnolls
  18 adders
  2 shadow imps
  6 white imps (IceCv)
  4 ufetubi (IceCv)
  An adder zombie (D:5)
  4 worms
  4 dart slugs
  7 leopard geckos
  43 orcs
  6 giant cockroaches
  3 goblins
  4 hobgoblins
  6 quokkas
  2 ball pythons
  5 bats
  10 frilled lizards
  2 gnoll zombies (D:6)
  A jackal skeleton (D:7)
  2 jackal zombies
  13 kobolds
  A leopard gecko skeleton (D:4)
  6 rats
  A plant (D:9)
328 creatures vanquished.

Vanquished Creatures (collateral kills)
  2 hydras (Lair:1)
2 creatures vanquished.

Vanquished Creatures (others)
  A reaper (IceCv)
  2 white imps (IceCv)
  5 ufetubi (IceCv)
  2 plants (D:9)
10 creatures vanquished.

Grand Total: 340 creatures vanquished

Notes
Turn   | Place    | Note
-------+----------+-------------------------------------------
     0 | D:1      | lysyklops the Minotaur Berserker began the quest for the
                  | Orb.
     0 | D:1      | Reached XP level 1. HP: 19/19 MP: 0/0
   240 | D:1      | Reached XP level 2. HP: 24/27 MP: 1/1
   740 | D:2      | Noticed a phantom
   764 | D:2      | Killed a phantom
   764 | D:2      | Reached XP level 3. HP: 12/34 MP: 2/2
   764 | D:2      | Reached XP level 4. HP: 15/41 MP: 3/3
  1143 | D:2      | Reached ** piety under Trog
  1168 | D:2      | Reached XP level 5. HP: 31/47 MP: 4/4
  1806 | D:3      | Found a transporter.
  1823 | D:3      | Reached skill level 5 in Fighting
  1823 | D:3      | Reached skill level 5 in Axes
  1881 | D:3      | Reached XP level 6. HP: 42/56 MP: 5/5
  2176 | D:3      | Found a transporter.
  2559 | D:4      | Reached *** piety under Trog
  2627 | D:4      | Reached skill level 5 in Armour
  2627 | D:4      | Reached XP level 7. HP: 10/62 MP: 6/6
  2644 | D:4      | HP: 3/62 [poisoned by a worker ant]
  2888 | D:4      | Found a shadowy altar of Dithmenos.
  2943 | D:4      | Found a shattered altar of Ashenzari.
  2957 | D:4      | Found a stormy altar of Qazlal.
  2971 | D:4      | Found a glowing golden altar of the Shining One.
  2987 | D:4      | Found a shadowy altar of Dithmenos.
  3123 | D:4      | HP: 3/62 [orc priest/divine providence (10)]
  3489 | D:4      | Found Feomunira's Book Shop.
  3696 | D:5      | Entered Level 5 of the Dungeon
  3696 | D:5      | Noticed Grinder
  3705 | D:5      | Reached skill level 5 in Dodging
  3729 | D:5      | Killed Grinder
  3787 | D:5      | Reached XP level 8. HP: 55/71 MP: 7/7
  4966 | D:6      | Reached XP level 9. HP: 62/81 MP: 8/8
  5003 | D:6      | Reached **** piety under Trog
  5125 | D:6      | Found a runed gate.
  5125 | D:6      | Found a runed gate.
  5126 | D:6      | Found a runed gate.
  5135 | D:6      | Noticed ThyNameIsHubris's ghost (novice VSAs)
  5161 | D:6      | Killed ThyNameIsHubris's ghost
  5224 | D:6      | Noticed Edmund
  5229 | D:6      | Found a staircase to the Ecumenical Temple.
  5238 | D:6      | Killed Edmund
  5446 | D:6      | Found an opulent altar of Gozag.
  5463 | D:6      | Noticed Dowan
  5472 | D:6      | Killed Dowan
  5498 | D:6      | Noticed Duvessa
  5503 | D:6      | Killed Duvessa
  5705 | D:6      | Found a radiant altar of Vehumet.
  5705 | D:6      | Found a burning altar of Makhleb.
  5892 | D:6      | Found a basalt altar of Yredelemnul.
  6397 | D:7      | Reached XP level 10. HP: 91/93 MP: 9/9
  6516 | D:7      | Reached skill level 10 in Fighting
  6554 | D:7      | Reached skill level 10 in Axes
  6708 | D:7      | Reached ***** piety under Trog
  6971 | D:8      | Reached skill level 10 in Armour
  7076 | D:8      | Found a bloodstained altar of Trog.
  7461 | D:9      | Received a gift from Trog
  7618 | D:9      | Found Biriasou's Armour Boutique.
  7683 | D:9      | Found a staircase to the Lair.
  7686 | D:9      | Noticed Prince Ribbit
  7694 | D:9      | Killed Prince Ribbit
  8182 | D:10     | Entered Level 10 of the Dungeon
  8192 | D:10     | Noticed Fannar
  8209 | D:10     | Killed Fannar
  8209 | D:10     | Reached XP level 11. HP: 91/103 MP: 10/10
  8302 | D:10     | Noticed Grum
  8317 | D:10     | Killed Grum
  8571 | D:10     | Noticed Psyche
  8578 | D:10     | Killed Psyche
  8804 | D:10     | Noticed Snorg
  8816 | D:10     | Killed Snorg
  9038 | Lair:1   | Entered Level 1 of the Lair of Beasts
  9373 | Lair:1   | Noticed a four-headed hydra
  9382 | Lair:1   | Killed a four-headed hydra
  9393 | Lair:1   | Noticed a six-headed hydra
  9399 | Lair:1   | Killed an eight-headed hydra
 10404 | Lair:2   | Found a frozen archway.
 10420 | IceCv    | Entered an ice cave
 10549 | IceCv    | Received a gift from Trog
 10566 | IceCv    | Killed a reaper
 10807 | IceCv    | Mangled by an ice devil

Skill      XL: |  1  2  3  4  5  6  7  8  9 10 11 |
---------------+----------------------------------+-----
Fighting       | 4 5 6 8 9 11 13 | 13.1
Axes           | 4 5 6 8 9 11 13 | 13.0
Armour         | 3 4 5 6 7 9 11 12 | 12.8
Dodging        | 3 4 5 6 |  6.5

Action                   |  1- 3 |  4- 6 |  7- 9 | 10-12 || total
-------------------------+-------+-------+-------+-------++-------
Melee: Hand axe          |    54 |   157 |   257 |       ||   468
       Headbutt          |     7 |    32 |    81 |    68 ||   188
       War axe           |       |       |   145 |     6 ||   151
       Battleaxe         |       |       |       |   338 ||   338
       Broad axe         |       |       |       |    20 ||    20
Invok: Berserk           |     1 |     1 |     2 |     2 ||     6
       Brothers in Arms  |       |       |       |     1 ||     1
  Use: Scroll            |       |       |       |     4 ||     4
  Eat: Chunk             |       |     6 |    16 |    14 ||    36
       Ration            |       |       |       |     1 ||     1
Armor: Ring mail         |    28 |    25 |       |       ||    53
       Plate armour      |       |    38 |   199 |    57 ||   294
       Chain mail        |       |       |       |   169 ||   169
Dodge: Dodged            |    30 |    76 |   157 |   283 ||   546
